 Dungeon Crawl Stone Soup version 0.28.0-49-g6dfe1f597d (console) character file.

Game seed: 15899245405287404944

1573 Faeu the Skirmisher (level 8, -5/73 HPs)
             Began as a Minotaur Berserker on May 14, 2022.
             Was an Elder of Trog.
             Killed from afar by Maggie (12 damage)
             ... with a bolt of fire
             ... on level 7 of the Dungeon.
             The game lasted 00:13:57 (7777 turns).

Faeu the Skirmisher (Minotaur Berserker)            Turns: 7777, Time: 00:13:57

Health: -5/73      AC: 10    Str: 23    XL:     8   Next: 59%
Magic:  7/7        EV: 14    Int:  4    God:    Trog [****..]
Gold:   237        SH:  0    Dex: 11    Spells: 7/7 levels left

rFire   . . .      SeeInvis .   j - +4 whip (flame) {mace}
rCold   . . .      Faith    .   (no shield)
rNeg    . . .      Spirit   .   A - +0 chain mail
rPois   +          Reflect  .   (helmet restricted)
rElec   .          Harm     .   (no cloak)
rCorr   .          Rampage  .   (no gloves)
Will    .....                   (no boots)
Stlth   ..........              m - amulet of the acrobat
HPRegen 0.22/turn               s - ring of poison resistance
MPRegen 0.10/turn               H - +4 ring of evasion

@: mesmerised
A: horns 2, retaliatory headbutt
a: Renounce Religion, Berserk, Trog's Hand, Brothers in Arms


You were on level 7 of the Dungeon.
You worshipped Trog.
Trog was greatly pleased with you.
You visited 1 branch of the dungeon, and saw 7 of its levels.
You also visited: Sewer.

You collected 237 gold pieces.


Innate Abilities, Weirdness & Mutations

You have a pair of horns on your head.
You reflexively headbutt those who attack you in melee.


   Skills:
 + Level 7.5 Fighting
 + Level 7.4 Axes
 + Level 6.9 Armour
 + Level 6.2 Dodging


You had 7 spell levels left.
You didn't know any spells.
Your spell library contained the following spells:

 Spells                   Type           Power      Damage    Failure   Level
 Beastly Appendage        Tmut           0%         N/A       98%         1
 Sandblast                Erth           0%         2d4       98%         1
 Slow                     Hex            0%         N/A       98%         1
 Ensorcelled Hibernation  Hex/Ice        0%         N/A       99%         2
 Passwall                 Tmut/Erth      0%         N/A       99%         2
 Gell's Gravitas          Tloc           0%         N/A       100%        3
 Lesser Beckoning         Tloc           0%         N/A       100%        3
 Swiftness                Air            0%         N/A       100%        3
 Teleport Other           Tloc           0%         N/A       100%        3
 Fulminant Prism          Conj/Hex       0%         3d6       100%        4
 Iskenderun's Mystic Bla  Conj/Tloc      0%         2d3       100%        4
 Blade Hands              Tmut           0%         N/A       100%        5
 Irradiate                Conj/Tmut      0%         3d13      100%        5
 Lee's Rapid Deconstruct  Erth           0%         3d5*      100%        5
 Dragon Form              Tmut           0%         N/A       100%        7

Inventory:

Hand Weapons
 a - a +0 hand axe {axe}
 j - a +4 whip of flaming (weapon) {mace}
   (You took it off a kobold on level 1 of the Dungeon)
Missiles
 x - 10 boomerangs (quivered) {throwing}
 G - 30 poisoned darts {throwing}
Armour
 b - a +0 animal skin
 w - a +2 leather armour of poison resistance
   (You took it off an orc on level 4 of the Dungeon)
 A - a +0 chain mail (worn)
   (You found it on level 2 of the Dungeon)
Jewellery
 m - an amulet of the acrobat (around neck)
   (You found it on level 2 of the Dungeon)
 s - a ring of poison resistance (left hand)
   (You found it on level 4 of the Dungeon)
 H - a +4 ring of evasion (right hand)
   (You found it on level 6 of the Dungeon)
Wands
 o - a wand of iceblast (5)
   (You found it on level 3 of the Dungeon)
 r - a wand of charming (3)
   (You found it on level 3 of the Dungeon)
 B - a wand of digging (1)
   (You found it on level 5 of the Dungeon)
Scrolls
 d - 2 scrolls of fear {unknown}
 f - 2 scrolls of immolation {!r!r}
 g - 2 scrolls of blinking {unknown}
 h - a scroll of enchant armour {unknown}
 k - a scroll of teleportation {unknown}
 n - a scroll of magic mapping {unknown}
 p - a scroll of torment {unknown}
 q - a scroll of fog {unknown}
 t - 2 scrolls of vulnerability {unknown}
 u - 2 scrolls of enchant weapon {unknown}
 y - 5 scrolls of identify {unknown}
 C - a scroll of amnesia {unknown}
Potions
 c - a potion of cancellation {unknown}
 e - 5 potions of attraction {unknown}
 i - 5 potions of curing {unknown}
 l - 2 potions of haste {unknown}
 v - 2 potions of might {unknown}
 z - 3 potions of degeneration {unknown}
 D - 3 potions of magic {unknown}
 E - a potion of heal wounds {unknown}
 F - a potion of resistance {unknown}

Dungeon Overview and Level Annotations

Branches:
Dungeon (7/15)             Temple (0/1) D:4           Sewer (visited)

Altars:
Okawaru

Annotations:
D:7 Maggie

###.........#
####...........
###..#.........##
#...........<.##
##...#........#
#....#..#.......
###....#..#........
#......##......##..
#..................
#.@#..##.....####..
#..#@).####....# .
#...#..## ..#.
#....... ..
##....... ##.......
###o.....


oo...... You could see Maggie (mesmerising, empowered), an orc wizard and 2
orcs.


Message History

😕 HP[-8]
You now have 72 max hp (-1).
You take 8 damage, and now have 65/72 hp.
A red film seems to cover your vision as you go berserk!
You feel yourself moving faster!
You feel mighty! The wight hits you with a +0 dagger.
The wight hits you with a +4 short sword. 😕 HP[+27]
You now have 108 max hp (+36).
You regained 27 hp, and now have 92/108 hp.
You barely miss the wight. The wight completely misses you.
The wight hits you with a +4 short sword! 😕 HP[-7]
You take 7 damage, and now have 85/108 hp.
You hit the wight. You burn the wight. You whack the wight! You burn the wight.
You destroy the wight!
Trog accepts your kill. The wight hits you but does no damage.
Your life force feels restored.
You now have 109 max hp (+1).
You whack the wight! You burn the wight. You hit the wight. You burn the wight.
You destroy the wight!
Trog accepts your kill.
Things that are here:
a +0 dagger {short}; a +0 robe; 😕 HP[+1]
You feel a strong urge to attack something.
Things that are here:
a +4 short sword {short}; a +0 robe Unknown command.
Calm down first, please.
No target in view!
You start resting.
You are no longer berserk.
You are exhausted.
You feel yourself slow down.
You hear the faint creaking of a very distant portcullis.
You feel yourself speed up.
You recover from your berserk rage.
HP restored. 😎 HP[-13]
You now have 73 max hp (-36).
Things that are here:
a +0 dagger {short}; a +0 robe You hear the faint creaking of a very distant portcullis.
You now have 237 gold pieces (gained 8).
Maggie the Vainglorious comes into view.
She is wielding a +0 halberd.
Maggie shouts!
You hear a shout!
Maggie mumbles some strange words.
Maggie attempts to bespell you!
You are mesmerised by Maggie!
Maggie drinks a potion.
Maggie's spells are empowered!
You cannot move away from Maggie!
You cannot move away from Maggie!
You cannot move away from Maggie!
You cannot move away from Maggie!
You cannot move away from Maggie!
Maggie points at you and mumbles some strange words.
The bolt of fire misses you.
An orc comes into view.
It is wielding a +0 hand axe and wearing a +2 chain mail of fire resistance.
The orc shouts!
You are too mesmerised to rage.
You break out of your daze.
Maggie gestures wildly while chanting.
Maggie attempts to bespell you! You resist.
You hit Maggie. You burn Maggie. Your headbutt misses Maggie.
Maggie gestures at you while chanting. The bolt of fire hits you!! 😮 HP[-30]
You take 30 damage, and now have 43/73 hp.
MASSIVE DAMAGE!! (PAUSE)
You hit Maggie. You burn Maggie.
Maggie gestures wildly while chanting.
Maggie attempts to bespell you!
You are mesmerised by Maggie!
You barely miss Maggie. Your headbutt misses Maggie. Maggie barely misses you.
You furiously retaliate!
You headbutt Maggie, but do no damage. You hit Maggie. You burn Maggie.
The orc misses you. Maggie barely misses you.
An orc comes into view. It is wielding a +0 hand axe.
You closely miss Maggie.
The orc shouts!
Your headbutt misses Maggie. The orc barely misses you.
Maggie points at you and mumbles some strange words.
The bolt of fire hits you!!!
Ouch! That really hurt!
* * * LOW HITPOINT WARNING * * *
An orc wizard comes into view. It is wielding a +0 dagger.
The orc wizard shouts! 😱 HP[-37]
You take 37 damage, and now have 6/73 hp.
MASSIVE DAMAGE!! (PAUSE)
You barely miss Maggie.
An orc comes into view. It is wielding a +0 short sword.
The orc barely misses you. You furiously retaliate!
You headbutt the orc!
You kill the orc!
Trog accepts your kill.
Maggie points at you and mumbles some strange words.
The bolt of fire hits you!
You die...

Skill      XL: |  1  2  3  4  5  6  7  8 |
---------------+-------------------------+-----
Fighting       | 4 5 6 7 |  7.5
Axes           | 4 5 6 7 |  7.4
Armour         | 3 4 6 |  6.9
Dodging        | 3 4 5 6 |  6.2

Action                   |  1- 3 |  4- 6 |  7- 9 || total
-------------------------+-------+-------+-------++-------
Melee: Hand axe          |    37 |       |       ||    37
       Headbutt          |     6 |    16 |    26 ||    48
       Whip              |    36 |    80 |   162 ||   278
       Punch             |       |       |     1 ||     1
Invok: Berserk           |       |     2 |     5 ||     7
Armor: Animal skin       |    10 |     6 |       ||    16
       Chain mail        |       |       |    55 ||    55
Dodge: Dodged            |    54 |    73 |   118 ||   245

Levels and vault maps discovered:
D:1:      amcnicky_arrival_underground_garden, layout_loops_ring,
          hellmonk_ecumenical_altar_blasted, minmay_bisected
D:2:      layout_basic, uniq_sigmund
D:3:      layout_basic
D:4:      layout_basic, minmay_temple_entry_antechambers
D:5:      layout_loops_cross, uniq_menkaure
D:6:      layout_basic, okawaru_trees_1, cheibrodos_sewer_entry_bend
D:7:      layout_cave_pools, enter_bailey_3, kennysheep_generic_room_7,
          uniq_maggie, uniq_crazy_yiuf_cottage

Notes
Turn   | Place    | Note
-------+----------+-------------------------------------------
     0 | D:1      | Faeu the Minotaur Berserker began the quest for the Orb.
     0 | D:1      | Reached XP level 1. HP: 19/19 MP: 0/0
     0 | D:1      | magus.rc [v1.9.6]
   130 | D:1      | Reached XP level 2. HP: 24/27 MP: 1/1
   391 | D:1      | Found a faded altar of an unknown god.
   641 | D:1      | Reached skill level 4 in Fighting
   641 | D:1      | Reached skill level 4 in Axes
   654 | D:1      | Reached skill level 3 in Armour
   743 | D:1      | HP: 6/27 [quokka (4)]
  1216 | D:2      | Reached XP level 3. HP: 33/33 MP: 2/2
  1397 | D:2      | You add the spells Sandblast, Slow and Beastly Appendage to
                  | your library.
  1397 | D:2      | Got A Beginning Course on Sorcery {forbidden}
  1563 | D:2      | Reached ** piety under Trog
  2008 | D:2      | Reached skill level 3 in Dodging
  2142 | D:2      | Reached XP level 4. HP: 39/41 MP: 3/3
  2222 | D:2      | Noticed Sigmund
  2232 | D:2      | Killed Sigmund
  2233 | D:2      | Reached skill level 5 in Fighting
  2233 | D:2      | Reached skill level 4 in Armour
  2233 | D:2      | Reached XP level 5. HP: 48/48 MP: 4/4
  2598 | D:3      | Reached skill level 5 in Axes
  2856 | D:4      | Reached XP level 6. HP: 56/56 MP: 5/5
  2914 | D:4      | Reached skill level 4 in Dodging
  3448 | D:4      | You pick up a book of Blasting {forbidden} and begin
                  | reading...
  3448 | D:4      | You add the spells Fulminant Prism, Iskenderun's Mystic
                  | Blast and Lee's Rapid Deconstruction to your library.
  3481 | D:4      | You pick up a book of Burglary {forbidden} and begin
                  | reading...
  3481 | D:4      | You add the spells Passwall, Ensorcelled Hibernation and
                  | Swiftness to your library.
  3594 | D:4      | Found a staircase to the Ecumenical Temple.
  3612 | D:4      | Reached *** piety under Trog
  3625 | D:4      | Reached XP level 7. HP: 48/62 MP: 6/6
  4032 | D:5      | Entered Level 5 of the Dungeon
  4061 | D:5      | Reached skill level 5 in Armour
  4062 | D:5      | Noticed Menkaure
  4299 | D:5      | Killed Menkaure
  4300 | D:5      | Reached skill level 6 in Fighting
  4300 | D:5      | Reached skill level 6 in Axes
  4703 | D:5      | Reached skill level 5 in Dodging
  5245 | D:5      | You pick up a book of Transfigurations {forbidden@e2} and
                  | begin reading...
  5245 | D:5      | You add the spells Irradiate, Blade Hands and Dragon Form
                  | to your library.
  5321 | D:5      | Reached skill level 6 in Armour
  5321 | D:5      | Reached XP level 8. HP: 47/71 MP: 7/7
  5524 | D:6      | Found an iron altar of Okawaru.
  5925 | D:6      | Reached skill level 7 in Fighting
  5995 | D:6      | Found a glowing drain.
  6004 | Sewer    | Entered a sewer
  6027 | Sewer    | Reached skill level 7 in Axes
  6229 | Sewer    | Reached **** piety under Trog
  6318 | Sewer    | Reached skill level 6 in Dodging
  7370 | D:6      | You pick up a book of Displacement {forbidden} and begin
                  | reading...
  7370 | D:6      | You add the spells Lesser Beckoning, Gell's Gravitas and
                  | Teleport Other to your library.
  7764 | D:7      | Noticed Maggie
  7776 | D:7      | HP: 6/73 [Maggie/bolt of fire (37)]
  7777 | D:7      | Killed from afar by Maggie

Vanquished Creatures
  Sigmund (D:2)
  Menkaure (D:5)
  A sky beast (D:6)
  3 ogres
  A necrophage (D:4)
  2 centaurs (D:5)
  A kobold brigand (Sewer)
  A wyvern skeleton (D:6)
  2 wights (D:7)
  A jelly (D:5)
  An orc priest (D:6)
  A hound (D:3)
  3 iguanas
  2 orc wizards (D:4)
  A hound skeleton (D:5)
  4 gnolls (D:4)
  6 adders
  5 river rats (Sewer)
  3 ufetubi
  4 worms
  3 dart slugs
  12 orcs
  14 ball pythons
  3 endoplasms
  2 giant cockroaches
  5 goblins
  6 hobgoblins
  5 quokkas
  6 bats
  7 frilled lizards
  24 kobolds
  26 rats
157 creatures vanquished.

Table legend:
 A = Non-vault XP
 B = Vault XP
 C = Vault XP percentage of total XP
 D = Non-vault monster count
 E = Vault monster count
 F = Vault count percentage of total count
                 A         B        C        D         E       F
            +---------+---------+-------+---------+---------+-------
      Total |    1613 |     638 |  28.3 |      99 |      58 |  36.9
            +---------+---------+-------+---------+---------+-------
        D:1 |      34 |       5 |  12.8 |      21 |       3 |  12.5
        D:2 |      66 |     208 |  75.9 |      23 |       1 |   4.2
        D:3 |      65 |       0 |   0.0 |      12 |       0 |   0.0
        D:4 |     361 |       0 |   0.0 |      22 |       0 |   0.0
        D:5 |     588 |     169 |  22.3 |      10 |       1 |   9.1
        D:6 |     383 |       5 |   1.3 |       8 |       1 |  11.1
        D:7 |     116 |       0 |   0.0 |       3 |       0 |   0.0
      Sewer |       0 |     251 | 100.0 |       0 |      52 | 100.0
            +---------+---------+-------+---------+---------+-------

Illustrated notes

Table legend:
 A = Kills in this place as a percentage of kills in entire the game.
 B = Kills by you in this place as a percentage of kills by you in the entire game.
 C = Kills by friends in this place as a percentage of kills by friends in the entire game.
 D = Other kills in this place as a percentage of other kills in the entire game.
 E = Experience gained in this place as a percentage of experience gained in the entire game.
 F = Experience gained in this place divided by the number of levels of this place that you have seen.
                   A       B       C       D       E      F
               +-------+-------+-------+-------+-------+----------------------
         Total | 100.0 | 100.0 |   N/A |   N/A | 100.0 | 281.4
       Dungeon |  66.9 |  66.9 |   N/A |   N/A |  88.8 | 285.7
         Sewer |  33.1 |  33.1 |   N/A |   N/A |  11.2 | 251.0
               +-------+-------+-------+-------+-------+----------------------

Table legend: (Time is in decaauts)
 A = Elapsed time spent in this place.
 B = Non-inter-level travel time spent in this place.
 C = Inter-level travel time spent in this place.
 D = Time resting spent in this place.
 E = Time spent auto-exploring this place.
 F = Levels seen in this place.
 G = Mean time per level.
                   A        B        C        D        E       F      G
               +--------+--------+--------+--------+--------+-----+--------+
         Total |   7868 |   7549 |    319 |   1258 |   4828 |   8 |  983.5 |
       Dungeon |   7018 |   6699 |    319 |   1258 |   4166 |   7 | 1002.6 |
         Sewer |    849 |    849 |      0 |      0 |    661 |   1 |  849.0 |
               +--------+--------+--------+--------+--------+-----+--------+

Top non-repeatable levels by time:
     D:2: 1364 daAuts
     D:4: 1327 daAuts
     D:6: 1308 daAuts
     D:1: 1175 daAuts
     D:5: 1070 daAuts
   Sewer: 849 daAuts
     D:3: 648 daAuts
     D:7: 124 daAuts
